 Dungeon Crawl Stone Soup version 0.28.0 (webtiles) character file.

Game seed: 15994568039681872296

11 Host24 the Bolt Thrower (level 2, -1/19 HPs)
             Began as a Kobold Hunter on Feb 20, 2022.
             Slain by a frilled lizard (3 damage)
             ... on level 1 of the Dungeon.
             The game lasted 00:00:46 (139 turns).

Host24 the Bolt Thrower (Kobold Hunter)              Turns: 139, Time: 00:00:46

Health: -1/19      AC:  4    Str:  9    XL:     2   Next: 35%
Magic:  2/2        EV: 14    Int: 12    God:
Gold:   0          SH:  0    Dex: 15    Spells: 1/1 levels left

rFire   . . .      SeeInvis .   a - +1 hand crossbow
rCold   . . .      Faith    .   (no shield)
rNeg    . . .      Spirit   .   c - +0 leather armour
rPois   .          Reflect  .   (no helmet)
rElec   .          Harm     .   (no cloak)
rCorr   .          Rampage  .   (no gloves)
Will    .....                   e - +0 pair of boots
Stlth   +++.......              (no amulet)
HPRegen 0.06/turn               (no ring)
MPRegen 0.08/turn               (no ring)

@: no status effects
A: small, no large weapons, nightstalker 3
a: no special abilities


You were on level 1 of the Dungeon.
You visited 1 branch of the dungeon, and saw 1 of its levels.

Inventory:

Hand Weapons
 a - a +1 hand crossbow (weapon)
 b - a +0 short sword
Missiles
 d - 16 bolts (quivered ammo)
 f - 26 arrows
Armour
 c - a +0 leather armour (worn)
 e - a +0 pair of boots (worn)


   Skills:
 + Level 3.0 Fighting
 - Level 5.0 Crossbows
 - Level 2.4 Dodging
 - Level 1.3 Stealth


You had one spell level left.
You didn't know any spells.
Your spell library was empty.

Dungeon Overview and Level Annotations

Branches:
Dungeon (1/15)

Altars:


Innate Abilities, Weirdness & Mutations

You are small and have problems with some larger weapons.
You are completely attuned to the shadows.


Message History

* * * LOW HITPOINT WARNING * * *
Found a dagger.
The jackal barely misses you.
Unknown command.
The jackal closely misses you.
a - a +1 hand crossbow (weapon)
The jackal closely misses you.
Fire: 20 bolts
Press: ? - help, Q - select action Shift-Dir - straight line, f - jackal
Aim: a jackal (60% to hit)
You shoot a bolt. The bolt barely misses the jackal.
The bolt hits the ball python.
You kill the ball python!
The kobold closely misses you. The jackal closely misses you.
The kobold barely misses you. The jackal misses you.
The frilled lizard bites you but does no damage.
The jackal barely misses you. The jackal completely misses you.
The frilled lizard closely misses you.
The jackal bites you but does no damage.
The frilled lizard closely misses you.
Fire: 19 bolts
Press: ? - help, Q - select action Shift-Dir - straight line, f/p - jackal
Aim: a jackal (60% to hit)
You shoot a bolt. The bolt hits the jackal!
You kill the jackal!
Your Fighting skill increases to level 3!
Fire: 18 bolts
Press: ? - help, Q - select action Shift-Dir - straight line, f - frilled lizard
Aim: a frilled lizard (51% to hit)
You shoot a bolt. The bolt hits the frilled lizard.
The frilled lizard is heavily wounded.
The frilled lizard barely misses you. x2
Fire: 17 bolts
Press: ? - help, Q - select action Shift-Dir - straight line, f/p - frilled lizard
Aim: a frilled lizard (heavily wounded, 51% to hit)
You shoot a bolt.
The bolt closely misses the frilled lizard.
The bolt hits the kobold but does no damage.
The frilled lizard bites you.
You die...

.h.#......# .(.#.....#
#####≈. #.....# ..#
#<.≈.# #....r#######)..
#....####...............
#..##...#...####........
#..#.##.##### #.(......
###.##.§# ######r.......
##.#.≈ #...@lK.......
##.##.## #.####........
#..#...###.# ##........
##..#.#..###..###..#.##.#
#.####.##.#..##......#
..≈.#.##.######.....##
≈#.###.#..# #.....#
.#.#..###.#####†....#
#.#.##.#..#..)......#


You could see a kobold, a frilled lizard and a rat.

Vanquished Creatures
  An endoplasm (D:1)
  A goblin (D:1)
  4 jackals (D:1)
  2 ball pythons (D:1)
  A rat (D:1)
9 creatures vanquished.

Notes
Turn   | Place    | Note
-------+----------+-------------------------------------------
     0 | D:1      | Host24 the Kobold Hunter began the quest for the Orb.
     0 | D:1      | Reached XP level 1. HP: 12/12 MP: 1/1
    60 | D:1      | Reached skill level 5 in Crossbows
    74 | D:1      | Reached XP level 2. HP: 6/18 MP: 2/2
   139 | D:1      | Slain by a frilled lizard

Illustrated notes

Levels and vault maps discovered:
D:1:      dpeg_arrival_brainrot, layout_rooms,
          shapermc_ecumenical_altar_mp_vishouse

Skill      XL: |  1  2 |
---------------+-------+-----
Crossbows      | 5 |  5.0
Fighting       | 3 |  3.0
Dodging        | |  2.4
Stealth        | |  1.3

Action                   || total
-------------------------++-------
Melee: Short sword       ||    14
       Punch             ||     1
 Fire: Hand crossbow     ||    10
 Stab: Sleeping          ||     2
Armor: Leather armour    ||     6
Dodge: Dodged            ||    30
